 Dungeon Crawl Stone Soup version 0.28.0-53-g5a82cb258f (webtiles) character file.

Game seed: 9439066188397285780

499 Sin92 the Skirmisher (level 6, -3/48 HPs)
             Began as a Demonspawn Fighter on July 8, 2022.
             Was a Believer of Kikubaaqudgha.
             Succumbed to a water moccasin's poison
             ... on level 5 of the Dungeon.
             The game lasted 00:08:07 (5633 turns).

Sin92 the Skirmisher (Demonspawn Fighter)           Turns: 5633, Time: 00:08:08

Health: -3/48      AC: 11    Str: 16    XL:     6   Next: 94%
Magic:  9/9        EV:  9    Int:  9    God:    Kikubaaqudgha [**....]
Gold:   215        SH:  5    Dex: 15    Spells: 9/9 levels left

rFire   . . .      SeeInvis .   a - +1 trident
rCold   . . .      Faith    .   c - +0 buckler
rNeg    . . .      Spirit   .   b - +1 scale mail
rPois   .          Reflect  .   (no helmet)
rElec   .          Harm     .   (no cloak)
rCorr   .          Rampage  .   f - +0 pair of gloves
Will    .....                   (no boots)
Stlth   +.........              (no amulet)
HPRegen 0.16/turn               (no ring)
MPRegen 0.11/turn               (no ring)

@: lethally poisoned (-3 -> -20)
A: hooves 1, thin metallic scales 1, powered by pain 1
a: Renounce Religion, Receive Corpses


You were on level 5 of the Dungeon.
You worshipped Kikubaaqudgha.
Kikubaaqudgha was pleased with you.
You visited 1 branch of the dungeon, and saw 5 of its levels.

You collected 215 gold pieces.

Inventory:

Hand Weapons
 a - a +1 trident (weapon)
Missiles
 g - 6 boomerangs of dispersal (quivered)
Armour
 b - a +1 scale mail (worn)
 c - a +0 buckler (worn)
 f - a +0 pair of gloves (worn)
Jewellery
 j - a ring of protection from cold
Wands
 i - a wand of acid (14)
 l - a wand of flame (24)
 o - a wand of paralysis (2)
Scrolls
 e - a scroll of identify
 m - a scroll of vulnerability {unknown}
 n - 2 scrolls of immolation {unknown}
Potions
 d - a potion of magic
 h - a potion of curing
 k - a potion of heal wounds


   Skills:
 + Level 4.1 Fighting
 + Level 2.9 Polearms
 + Level 3.7 Armour
 + Level 1.3 Dodging
 + Level 2.3 Stealth
 + Level 3.7 Shields
 + Level 2.2 Spellcasting
 + Level 1.5 Necromancy


You had 9 spell levels left.
You didn't know any spells.
Your spell library contained the following spells:

 Spells                   Type           Power      Damage    Failure   Level
 Animate Skeleton         Necr           6%         N/A       61%         1
 Pain                     Necr           12%        1d4       61%         1
 Sublimation of Blood     Necr           3%         N/A       75%         2
 Corpse Rot               Necr/Air       4%         N/A       85%         2
 Poisonous Vapours        Pois/Air       2%         N/A       92%         2
 Vampiric Draining        Necr           3%         2d6       93%         3
 Ozocubu's Armour         Ice            1%         N/A       99%         3
 Ozocubu's Refrigeration  Ice            0%         4d5       100%        7


Dungeon Overview and Level Annotations

Branches:
Dungeon (5/15)
 Temple: D:4-7

Altars:
Ashenzari
Cheibriados
Fedhas
Kikubaaqudgha
Qazlal
Sif Muna
Yredelemnul
The Shining One


Innate Abilities, Weirdness & Mutations

You have large cloven feet.
You are partially covered in thin metallic scales. (AC +2)
You sometimes gain a little power by taking damage.


Message History

You puncture the water moccasin!
The water moccasin is heavily wounded.
You feel sick. You block the water moccasin's attack.
The water moccasin barely misses you.
You puncture the water moccasin!
The water moccasin is severely wounded.
You feel sick. You block the water moccasin's attack.
The water moccasin bites you but does no damage.
You closely miss the water moccasin.
The water moccasin is severely wounded.
You feel sick. The water moccasin bites you.
You are more poisoned.
The water moccasin poisons you!
You barely miss the water moccasin.
The water moccasin is severely wounded.
You feel very sick.
The water moccasin completely misses you.
The water moccasin bites you!
You are too injured to fight recklessly!
A water moccasin is nearby!
You are too injured to fight recklessly!
You are too injured to fight recklessly!
You closely miss the water moccasin. Your kick misses the water moccasin.
The water moccasin is severely wounded.
You feel very sick. The water moccasin bites you!
* * * LOW HITPOINT WARNING * * *
The water moccasin bites you.
* * * LOW HITPOINT WARNING * * *
You are more poisoned.
The water moccasin poisons you!
You closely miss the water moccasin. Your kick misses the water moccasin.
The water moccasin is severely wounded.
* * * LOW HITPOINT WARNING * * *
You feel very sick. You block the water moccasin's attack.
You closely miss the water moccasin.
The water moccasin is severely wounded.
You die...
Kikubaaqudgha rasps: "You have failed me!
Welcome... death!"

#.. #####.# #......
......# #...$.
.....# ##....#
###...########.....#
#..................#
...................#
........####
#....##..#
...###†..#
###.@S....# ..##
#...####..#####.##
.## #.........# ##
#.>#..###.# #
#.##### ### # ##.# #
#..# ####


You could see a water moccasin.

Vanquished Creatures
  A black bear (D:4)
  An ice beast (D:5)
  2 scorpions
  Jessica (D:2)
  An iguana (D:5)
  A hound skeleton (D:4)
  Robin (D:3)
  3 adders
  A gnoll (D:1)
  A dart slug (D:1)
  5 orcs
  11 bats
  8 endoplasms
  4 giant cockroaches
  7 goblins (D:3)
  10 hobgoblins
  2 quokkas
  6 ball pythons
  5 frilled lizards
  8 kobolds
  4 rats
  A spectral hobgoblin (D:1)
84 creatures vanquished.

Notes
Turn   | Place    | Note
-------+----------+-------------------------------------------
     0 | D:1      | Sin92 the Demonspawn Fighter began the quest for the Orb.
     0 | D:1      | Reached XP level 1. HP: 18/18 MP: 1/1
   189 | D:1      | Gained mutation: You are partially covered in thin metallic
                  | scales. (AC +2) [demonic ancestry]
   189 | D:1      | Reached XP level 2. HP: 19/24 MP: 2/2
   603 | D:1      | Found a faded altar of an unknown god.
   612 | D:1      | Prayed at the altar of an unknown god.
   612 | D:1      | Became a worshipper of Kikubaaqudgha
   612 | D:1      | Reached * piety under Kikubaaqudgha
   612 | D:1      | Received a gift from Kikubaaqudgha
   630 | D:1      | Reached XP level 3. HP: 28/29 MP: 4/4
  1170 | D:2      | Noticed Jessica
  1176 | D:2      | Killed Jessica
  1177 | D:2      | Reached skill level 1 in Spellcasting
  1180 | D:2      | Reached XP level 4. HP: 29/35 MP: 5/5
  1708 | D:2      | Reached ** piety under Kikubaaqudgha
  2225 | D:3      | Noticed Robin
  2239 | D:3      | Killed Robin
  2240 | D:3      | Reached skill level 1 in Stealth
  3438 | D:4      | Gained mutation: You sometimes gain a little power by
                  | taking damage. [demonic ancestry]
  3438 | D:4      | Reached XP level 5. HP: 41/41 MP: 7/7
  3513 | D:4      | Noticed a black bear
  4389 | D:4      | Killed a black bear
  4390 | D:4      | Reached skill level 1 in Dodging
  4390 | D:4      | Reached skill level 1 in Necromancy
  4390 | D:4      | Gained mutation: You have large cloven feet. [demonic
                  | ancestry]
  4390 | D:4      | Reached XP level 6. HP: 15/48 MP: 8/8
  4888 | D:5      | Entered Level 5 of the Dungeon
  4903 | D:5      | Found a blossoming altar of Fedhas.
  4916 | D:5      | Found a stormy altar of Qazlal.
  4936 | D:5      | Noticed an ice beast
  4954 | D:5      | Killed an ice beast
  4955 | D:5      | Reached skill level 4 in Fighting
  5476 | D:5      | Found a broken altar of Ashenzari.
  5478 | D:5      | Found a basalt altar of Yredelemnul.
  5480 | D:5      | Found a snail-covered altar of Cheibriados.
  5482 | D:5      | Found a shimmering blue altar of Sif Muna.
  5620 | D:5      | Noticed a water moccasin
  5632 | D:5      | HP: 2/48 [poisoned by a water moccasin]
  5633 | D:5      | Succumbed to a water moccasin's poison

Illustrated notes

Levels and vault maps discovered:
D:1:      dpeg_arrival_three_bigger_balls, layout_basic,
          dreamdust_ecumenical_altar_drowned_temple
D:2:      layout_basic, roderic_roman_lattice,
          hangedman_abyss_or_decor_lesser_grid, minmay_quantized, uniq_jessica
D:3:      layout_basic, st_stairs_5, uniq_robin
D:4:      layout_loops_ring, nicolae_concentric_dashed_squares_wild
D:5:      layout_layer_cave, grunt_temple_overflow_forces_of_nature,
          grunt_temple_overflow_open

Skill      XL: |  1  2  3  4  5  6 |
---------------+-------------------+-----
Polearms       | 2 |  2.9
Armour         | 3 |  3.7
Shields        | 3 |  3.7
Spellcasting   | 1 2 |  2.2
Stealth        | 1 2 |  2.3
Dodging        | 1 |  1.3
Necromancy     | 1 |  1.5
Fighting       | 4 |  4.1

Action                   |  1- 3 |  4- 6 || total
-------------------------+-------+-------++-------
Melee: Trident           |   118 |   179 ||   297
       Kick              |       |    15 ||    15
  Use: Potion            |     1 |     7 ||     8
       Scroll            |       |     7 ||     7
Armor: Scale mail        |    98 |   123 ||   221
Dodge: Dodged            |    57 |    79 ||   136
Block: Buckler           |    38 |    45 ||    83
